 Dungeon Crawl Stone Soup version 0.30-a0-718-geaa24f58ff (webtiles) character file.

Game seed: 6897779912922223601

2041 tilp the Slasher (level 9, 0/78 HPs)
             Began as a Meteoran Fighter on Jan 25, 2023.
             Was a Follower of Okawaru.
             Slain by a yak (12 damage)
             ... on level 8 of the Dungeon.
             The game lasted 00:14:59 (2910 turns).

tilp the Slasher (Meteoran Fighter)                 Turns: 2910, Time: 00:15:00

Health: 0/78       AC:  7    Str: 18    XL:     9   Next: 77%
Magic:  10/10      EV: 13    Int: 11    God:    Okawaru [*.....]
Gold:   206        SH: 11    Dex: 23    Spells: 8/8 levels left

rFire   . . .      SeeInvis +    y - +1 long sword
rCold   . . .      Faith    .    c - +0 buckler
rNeg    . . .      Spirit   .    z - +0 scale mail
rPois   .          Reflect  +    (no helmet)
rElec   .          Harm     .    (no cloak)
rCorr   .          Rampage  .    (no gloves)
Will    +....                    (no boots)
Stlth   +                        D - amulet of reflection
HPRegen 0.33/turn                e - +6 ring of dexterity
MPRegen 0.12/turn                i - ring of see invisible

@: glowing
A: sense surroundings 2, otherworldly, glowing, explore regen
a: Renounce Religion, Heroism


You were on level 8 of the Dungeon.
You worshipped Okawaru.
Okawaru was aware of your devotion.
You visited 2 branches of the dungeon, and saw 9 of its levels.
You also visited: Sewer and Ossuary.

You collected 206 gold pieces.

Inventory:

Hand Weapons
 a - a +4 long sword
 b - a +2 hand axe of flaming
 y - a +1 long sword (weapon)
 A - a +1 short sword of speed
 F - a +0 scimitar
Missiles
 w - 9 poisoned darts (quivered)
 E - 3 boomerangs
Armour
 c - a +0 buckler (worn)
 g - an orb of wrath
 z - a +0 scale mail (worn)
Jewellery
 e - a +6 ring of dexterity (left hand)
 i - a ring of see invisible (right hand)
 B - a ring of poison resistance
 C - an amulet of the acrobat
 D - an amulet of reflection (around neck)
Wands
 h - a wand of flame (7)
Scrolls
 o - a scroll of immolation
 t - 2 scrolls of teleportation
 u - a scroll of fear
Potions
 d - 5 potions of might
 f - 4 potions of brilliance
 j - 6 potions of attraction
 k - a potion of heal wounds
 l - 2 potions of resistance {unknown}
 m - 7 potions of curing
 n - a potion of ambrosia {unknown}
 p - 4 potions of flight {unknown}
 q - a potion of invisibility {unknown}
 r - 2 potions of cancellation {unknown}
 s - 3 potions of lignification {unknown}
 v - a potion of mutation {unknown}
 x - a potion of haste


   Skills:
 * Level 6.8 Fighting
 * Level 7.2 Long Blades
 + Level 3.2 Throwing
 + Level 5.7 Armour
 + Level 5.7 Dodging
 + Level 3.4 Stealth
 - Level 4.0 Shields
 + Level 3.3 Evocations


You had 8 spell levels left.
You didn't know any spells.
Your spell library was empty.

Dungeon Overview and Level Annotations

Branches:
Dungeon (8/15) Zot: 2388   Temple (1/1) D:5 Zot: 499   Sewer (visited)
Ossuary (visited)
   Lair: D:8-11

Altars:
Ashenzari
Dithmenos
Nemelex Xobeh
Okawaru
Qazlal
Ru
Sif Muna
Trog
Uskayaw
Yredelemnul


Innate Abilities, Weirdness & Mutations

You passively map the area around you.
You are easily found by Zot.
You glow in the dark.
You regain HP and MP as you explore.


Message History

The yak is almost dead.
The yak closely misses you.
You hit the yak.
The yak is almost dead.
You block the yak's attack.
You slash the yak!
You kill the yak!
Okawaru accepts your kill.
You barely miss the yak. The yak gores you!
* * * LOW HITPOINT WARNING * * *
The yak misses you.
You hit the yak.
The yak is lightly wounded.
You block the yak's attack.
You slash the yak!
The yak is moderately wounded.
You block the yak's attack.
You slash the yak!
The yak is severely wounded.
The yak gores you but does no damage.
You barely miss the yak.
The yak is severely wounded.
You block the yak's attack.
You slash the yak!
The yak is almost dead.
You block the yak's attack.
You hit the yak but do no damage.
The yak is almost dead.
The yak closely misses you.
You barely miss the yak.
The yak is almost dead.
You block the yak's attack.
You hit the yak.
The yak is almost dead.
The yak gores you!
* * * LOW HITPOINT WARNING * * *
You closely miss the yak.
The yak is almost dead.
The yak gores you!
You die...

#.........
####.........*~
* #.......>....
~ ~
#............
∩~~
###.....YY.Y...~
~ ,
#...#'######...*
#.#.#.# Y. ,
#,#.#Y# ,.*,
#.#@# * #.#.# *
, #.#.# * ,#)#.#
, * * * * #.#.#
* , , #.#.# ,,,
, #.#.# , ,
#.#.# , * #.# *


You could see a yak.

Vanquished Creatures
  3 yaks (D:8)
  Duvessa (D:4)
  A sky beast (D:8)
  A centaur (D:5)
  A phantom (D:5)
  2 elf zombies (Ossuary)
  3 bullfrogs
  A scorpion (D:4)
  4 wights (D:7)
  Dowan (D:4)
  3 hounds
  An orc priest (D:4)
  Jessica (D:3)
  3 iguanas (D:4)
  5 orc wizards (D:4)
  3 mummies (Ossuary)
  11 adders
  4 river rats
  A white imp (D:5)
  An ufetubus (D:6)
  An adder zombie (Ossuary)
  A worm (D:4)
  A dart slug (D:1)
  3 orcs (D:4)
  4 endoplasms
  4 giant cockroaches
  5 goblins
  7 hobgoblins
  2 jackals (D:1)
  2 quokkas (D:1)
  10 ball pythons
  A bat (D:1)
  2 frilled lizards
  3 gnoll zombies (Ossuary)
  2 goblin zombies (Ossuary)
  3 hobgoblin zombies (Ossuary)
  6 kobolds
  A kobold zombie (Ossuary)
  3 quokka zombies (Ossuary)
  22 rats
  3 rat zombies (Ossuary)
137 creatures vanquished.

Vanquished Creatures (others)
  A plant (D:5)
1 creature vanquished.

Grand Total: 138 creatures vanquished

Notes
Turn   | Place    | Note
-------+----------+-------------------------------------------
     0 | D:1      | tilp the Meteoran Fighter began the quest for the Orb.
     0 | D:1      | Reached XP level 1. HP: 19/19 MP: 2/2
    51 | D:1      | Reached XP level 2. HP: 9/26 MP: 3/3
    94 | D:1      | Reached skill level 1 in Dodging
   191 | D:1      | Reached XP level 3. HP: 25/31 MP: 4/4
   523 | D:3      | Noticed Jessica
   529 | D:3      | Killed Jessica
   530 | D:3      | Reached XP level 4. HP: 31/39 MP: 5/5
   692 | D:4      | Reached skill level 3 in Long Blades
   692 | D:4      | Reached skill level 1 in Stealth
   692 | D:4      | Reached XP level 5. HP: 38/46 MP: 6/6
   758 | D:4      | Noticed Duvessa
   758 | D:4      | Noticed Dowan
   767 | D:4      | Killed Duvessa
   768 | D:4      | Reached XP level 6. HP: 34/52 MP: 7/7
   770 | D:4      | Killed Dowan
   771 | D:4      | Reached skill level 4 in Long Blades
   874 | D:4      | Found a glowing drain.
   899 | Sewer    | Entered a sewer
   924 | Sewer    | Reached XP level 7. HP: 57/59 MP: 8/8
  1232 | D:4      | Found a sand-covered staircase.
  1241 | Ossuary  | Entered an ossuary
  1306 | Ossuary  | Reached skill level 5 in Long Blades
  1306 | Ossuary  | Reached XP level 8. HP: 35/67 MP: 9/9
  1334 | Ossuary  | Reached skill level 5 in Fighting
  1334 | Ossuary  | Reached skill level 1 in Evocations
  1777 | D:3      | Found a faded altar of an unknown god.
  1966 | D:4      | Found a bloodstained altar of Trog.
  1995 | D:5      | Entered Level 5 of the Dungeon
  2131 | D:4      | Reached skill level 1 in Throwing
  2484 | D:4      | Reached skill level 5 in Armour
  2500 | D:5      | Reached skill level 6 in Long Blades
  2500 | D:5      | Reached skill level 5 in Dodging
  2636 | D:5      | Gained mutation: You passively map the area around you.
                  | [Meteoran growth]
  2636 | D:5      | Reached XP level 9. HP: 74/75 MP: 10/10
  2644 | D:5      | Found a staircase to the Ecumenical Temple.
  2680 | Temple   | Entered the Ecumenical Temple
  2748 | Temple   | Became a worshipper of Warmaster Okawaru
  2801 | D:7      | Found a hide-covered altar of Uskayaw.
  2884 | D:8      | Reached * piety under Okawaru
  2891 | D:8      | Reached skill level 7 in Long Blades
  2910 | D:8      | Slain by a yak

Illustrated notes

Levels and vault maps discovered:
D:1:      scummos_arrival_checkerplants, layout_loops_ring, minmay_tetromino_i4
D:2:      layout_loops_corners, kennysheep_donut, minmay_statues_item,
          dreamdust_mushroom_princess, kennysheep_big_empty_room
D:3:      layout_basic, shapermc_ecumenical_altar_mp_vishouse, uniq_jessica
D:4:      layout_loops_corners, overflow_temple_1_default,
          lightli_ossuary_entry_decrepit_ruins, cheibrodos_sewer_entry_sluice,
          chequers_serial_rivers_micro_a, chequers_serial_rivers_room_b,
          kennysheep_generic_room_12, uniq_duvessa
D:5:      layout_basic, nicolae_hepliaklqana_hazy_memory,
          minmay_temple_entry_offerings, moated_statue
D:6:      layout_layer_cave, kennysheep_mini_moat
D:7:      layout_basic, zin_purify, mainiacjoe_overflow_catwalk,
          grunt_temple_overflow_open, serial_shops,
          nicolae_shop_bloodbath_and_beyond,
          minmay_a_box_with_orc_wizards_in_it, uniq_maggie
D:8:      layout_basic, xom_confusion_cloud, lair_entry_dummy, serial_shops,
          nicolae_shop_waterfront, minivault_19
Temple:   bh_familiar_temple

Skill      XL: |  1  2  3  4  5  6  7  8  9 |
---------------+----------------------------+-----
Dodging        | 1 2 4 5 |  5.7
Shields        | 4 |  4.0
Long Blades    | 3 4 5 6 7 |  7.2
Armour         | 4 5 |  5.7
Stealth        | 1 2 3 |  3.4
Fighting       | 4 5 6 |  6.8
Evocations     | 2 3 |  3.3
Throwing       | 1 3 |  3.2

Action                     |  1- 3 |  4- 6 |  7- 9 || total
---------------------------+-------+-------+-------++-------
  Melee: Long sword        |    58 |    50 |   374 ||   482
  Throw: Dart              |       |       |     1 ||     1
         Boomerang         |       |       |     3 ||     3
  Evoke: Wand              |       |       |    10 ||    10
    Use: Scroll            |       |     8 |     5 ||    13
         Potion            |       |     1 |     1 ||     2
 Armour: Scale mail        |    29 |    18 |   176 ||   223
  Dodge: Dodged            |    17 |    28 |   209 ||   254
  Block: Buckler           |    18 |    22 |   188 ||   228
         Reflection        |       |       |     2 ||     2

Table legend: (Time is in decaauts)
 A = Elapsed time spent in this place.
 B = Non-inter-level travel time spent in this place.
 C = Inter-level travel time spent in this place.
 D = Time resting spent in this place.
 E = Time spent auto-exploring this place.
 F = Levels seen in this place.
 G = Mean time per level.
                   A        B        C        D        E       F      G
               +--------+--------+--------+--------+--------+-----+--------+
         Total |   3059 |   2704 |    355 |      2 |      0 |  11 |  278.1 |
       Dungeon |   2410 |   2087 |    323 |      2 |      0 |   8 |  301.2 |
        Temple |    100 |     68 |     32 |      0 |      0 |   1 |  100.0 |
         Sewer |    338 |    338 |      0 |      0 |      0 |   1 |  338.0 |
       Ossuary |    210 |    210 |      0 |      0 |      0 |   1 |  210.0 |
               +--------+--------+--------+--------+--------+-----+--------+

Top non-repeatable levels by time:
     D:4: 853 daAuts
     D:3: 629 daAuts
   Sewer: 338 daAuts
     D:2: 322 daAuts
     D:1: 230 daAuts
     D:5: 217 daAuts
 Ossuary: 210 daAuts
  Temple: 100 daAuts
     D:8: 77 daAuts
     D:7: 41 daAuts
     D:6: 38 daAuts
